AoeStats
← Tomato

Black Forest

507352098Analyzed
4v4 RM · 14d ago on Sep 17, 2026· 43m 44s· 8 players
Game mode
Random Map
Map size
Large (8 player)
Population
200
Speed
Normal
Resources
Standard
Victory
Conquest
Starting age
Dark Age
Ending age
Imperial Age
RankedLock teamsTeams togetherTeam positionsShared explorationLock speedFull tech treeHidden civsTurbo modeCheats
Victory
Defeat
🇨🇭 Lithuanians · Switzerland
1392
+13
🇳🇱 Britons · Netherlands
1351
+15
🇨🇱 Mongols · Chile
1339
+15
🇮🇪 Celts · Ireland
1315
+16
🇮🇳 Bohemians · India
1448
-19
🇺🇸 Spanish · United States
1325
-15
🇪🇸 Britons · Spain
1315
-14
🇮🇳 Hindustanis · India
1221
-11
Roig
1:31 Loom
16:02 Feudal Age
19:46 Castle Age
17:41 Double-Bit Axe
17:54 Horse Collar
18:41 Stone Mining
26:54 Fletching
29:55 Bodkin Arrow
33:40 Wheelbarrow
35:53 Gold Mining
36:27 Ballistics
39:06 Hand Cart
39:13 Padded Archer Armor
40:50 Heavy Plow
43:49 Imperial Age
hehe xd
7:12 Loom
11:47 Feudal Age
17:32 Castle Age
15:27 Double-Bit Axe
19:25 Wheelbarrow
20:08 Scale Barding Armor
20:12 Loom
20:39 Husbandry
28:30 Bloodlines
31:10 Coinage
31:33 Gold Mining
32:13 Hand Cart
32:22 Stone Mining
32:23 Gold Mining
33:07 Chain Barding Armor
32:58 Forging
33:03 Loom
36:27 Imperial Age
36:41 Iron Casting
36:24 Fortified Wall
36:34 Cavalier
37:52 Plate Barding Armor
37:52 Conscription
38:18 Horse Collar
38:50 Bow Saw
39:59 Chemistry
40:32 Blast Furnace
39:42 Town Watch
40:01 Paladin
41:00 Fletching
41:37 Ballistics
42:05 Elite Skirmisher
MahaDeV
4:00 Loom
10:55 Feudal Age
16:23 Castle Age
14:31 Double-Bit Axe
14:43 Horse Collar
16:52 Wheelbarrow
29:26 Imperial Age
28:44 Scale Barding Armor
29:32 Hand Cart
29:29 Forging
30:55 Chain Barding Armor
30:36 Gold Mining
31:23 Iron Casting
32:22 Chemistry
31:52 Bloodlines
32:29 Husbandry
33:06 Plate Barding Armor
33:15 Fletching
33:56 Scale Mail Armor
34:41 Bodkin Arrow
35:38 Heavy Plow
35:49 Bow Saw
36:06 Heavy Camel Rider
39:08 Blast Furnace
40:34 Gold Shaft Mining
43:12 Chain Mail Armor
Sanskari Ladka
11:11 Feudal Age
15:13 Castle Age
15:54 Double-Bit Axe
15:51 Horse Collar
17:38 Wheelbarrow
20:25 Bow Saw
22:59 Heavy Plow
23:05 Loom
25:42 Hand Cart
28:23 Imperial Age
26:42 Scale Mail Armor
30:03 Chemistry
28:28 Pikeman
29:09 Squires
31:20 Two-Man Saw
30:43 Siege Engineers
30:06 Houfnice
31:12 Chain Mail Armor
31:06 Town Watch
32:23 Halberdier
34:43 Plate Mail Armor
34:23 Forging
Tomato
3:58 Loom
11:16 Feudal Age
14:20 Wheelbarrow
16:39 Castle Age
14:56 Double-Bit Axe
15:18 Horse Collar
16:10 Stone Mining
18:44 Bow Saw
23:24 Heavy Plow
25:27 Scale Mail Armor
25:37 Forging
25:37 Pikeman
26:17 Squires
29:48 Imperial Age
27:31 Gold Mining
28:45 Chain Mail Armor
28:21 Fletching
30:08 Ballistics
30:02 Bodkin Arrow
30:44 Yeomen
30:44 Bracer
31:54 Chemistry
32:06 Hand Cart
31:36 Town Watch
32:39 Conscription
31:55 Elite Longbowman
32:35 Halberdier
34:37 Gold Shaft Mining
34:23 Padded Archer Armor
34:54 Plate Mail Armor
35:22 Leather Archer Armor
35:17 Forging
37:13 Forging
37:38 Ring Archer Armor
36:53 Treadmill Crane
37:29 Town Patrol
39:04 Warwolf
41:34 Iron Casting
Lexi ní Anord
0:42 Loom
13:16 Feudal Age
14:01 Double-Bit Axe
18:20 Castle Age
17:38 Scale Mail Armor
17:38 Horse Collar
19:55 Bow Saw
22:52 Chain Mail Armor
28:40 Forging
30:03 Wheelbarrow
32:58 Iron Casting
34:07 Heavy Plow
35:05 Pikeman
35:31 Arson
40:30 Imperial Age
40:43 Elite Woad Raider
41:45 Conscription
42:05 Plate Mail Armor
43:15 Blast Furnace
42:38 Hand Cart
Zlap
3:09 Loom
11:37 Feudal Age
15:19 Castle Age
13:06 Double-Bit Axe
13:02 Horse Collar
16:17 Bow Saw
16:25 Heavy Plow
21:28 Wheelbarrow
21:48 Fervor
21:53 Gold Mining
24:00 Hand Cart
23:37 Stone Mining
29:15 Imperial Age
26:51 Scale Barding Armor
26:56 Forging
26:31 Treadmill Crane
28:34 Chain Barding Armor
28:26 Caravan
30:06 Iron Casting
30:33 Plate Barding Armor
31:05 Two-Man Saw
30:36 Crop Rotation
31:18 Chemistry
29:44 Cavalier
30:49 Husbandry
30:59 Bloodlines
31:39 Fletching
31:37 Town Watch
31:25 Paladin
32:54 Guilds
34:23 Conscription
39:43 Devotion
43:16 Coinage
43:11 Bodkin Arrow
Dr4con
0:36 Loom
13:01 Feudal Age
17:12 Castle Age
15:39 Double-Bit Axe
19:57 Fletching
27:40 Bodkin Arrow
33:30 Horse Collar
34:58 Wheelbarrow
38:05 Imperial Age
36:40 Hand Cart
37:19 Bow Saw
37:25 Gold Mining
38:12 Capped Ram
39:19 Siege Ram
40:39 Ballistics
43:19 Conscription
43:06 Padded Archer Armor
Connection lost

Rejoining the realm…

Still unreachable

The connection could not be restored.

Session expired

The server has moved on; the page needs a fresh start.